[Event "Chessity Nationale Pupillendag 2019 - Groep G"]
[Site "Meppel, Netherlands"]
[Date "2019.06.29"]
[Round "6.4"]
[White "Ziedses des Plantes, Art G"]
[Black "Talen Alarcón, Milton"]
[Result "0-1"]
[TimeControl "15 min + 10 sec"]
[WhiteElo "597"]
[BlackElo "594"]

1. e4 e5 2. Nf3 Nc6 3. Nc3 Nf6 4. Bc4 h6 5. O-O Bb4 6.
Re1 Bxc3 7. bxc3 d6 8. d4 exd4 9.
cxd4 Bg4 10. h3 Bxf3 11.
Qxf3 Nxd4 12. Qd1 Nc6 13. Bb5 a6 14. Bxc6+ bxc6 15. e5 dxe5 16. Rxe5+ Kf8 17. Qxd8+ Rxd8 18. Bf4 Kg8 19. Ree1 Kh7 20. Bxc7 Rd2 21.
Bf4 Rxc2 22. Be5 Nd5 23. Re4 Nc3 24. Rg4 Rg8 25. a3 Ne2+ 26. Kf1 c5 27. Re1 Rc1 28. Rxc1 Nxc1 29. Rc4 Nb3 30.
Bd6 Nd2+ 31. Ke2 Nxc4 32. Bxc5 Re8+ 33. Kd3 Ne5+ 34. Kd4 Nc6+ 35. Kd5 Ne7+ 36. Kd6 Nf5+ 37. Kd7 Re1 38. g4 Rd1+ 39. Kc6 Nh4 40. Be7 Rc1+ 41. Kd6 Ng6 42. Bd8 Ra1 43. h4 Rxa3 44. h5 Nf4 45.
Ke5 Ng2 46. Be7 Ra5+ 47. Ke4 Ra1 48. f4 Re1+ 49. Kf3 Rxe7 50. Kxg2 a5 51. f5 a4 52.
f6 gxf6 53. Kf3 a3 54. Kg3 a2 55. Kf3 a1=Q 56. Kg3 Qg1+ 57. Kf3 Qe3+ 58. Kg2 Qe2+ 59. Kg3 Re3+ 60. Kf4 Qf3# 0-1

[Event "Chessity Nationale Pupillendag 2019 - Groep G"]
[Site "Meppel, Netherlands"]
[Date "2019.06.29"]
[Round "6.5"]
[White "Heber, Oskar"]
[Black "Barbier, Emma"]
[Result "0-1"]
[TimeControl "15 min + 10 sec"]
[WhiteElo "453"]
[BlackElo "633"]

1. e4 c5 2. Nf3 Nc6 3. Bc4 e5 4.
O-O Nf6 5. Nc3 d6 6. Ng5 Be6 7. Bxe6 fxe6 8. Nxe6 Qd7 9. Nxf8 Rxf8 10. d3 O-O-O 11. Bg5 Kb8 12. Bxf6 Rxf6 13. Qh5 h6 14.
Nd5 Rff8 15. Qh4 Nd4 16. c3 Ne2+ 17. Kh1 Nf4 18. Nxf4 exf4 19. g3 f3 20. d4 cxd4 21. cxd4 Qe6 22.
d5 Qe5 23. Rab1 Rc8 24. Qh3 h5 25.
g4 g6 26. gxh5 gxh5 27. Rfe1 Rc2 28. Qf1 Rg8 29. Qh3 Rxb2 30. Rxb2 Qxb2 31. Qxh5 Qxf2 32. Qe8+ Rxe8 33. Rg1 Rxe4 34.
Rg8+ Kc7 35. Rg7+ Kb6 36. Rg1 Re2 37. Ra1 Qxh2# 0-1

[Event "Chessity Nationale Pupillendag 2019 - Groep G"]
[Site "Meppel, Netherlands"]
[Date "2019.06.29"]
[Round "7.1"]
[White "Talen Alarcón, Milton"]
[Black "Terlouw, Wouter"]
[Result "0-1"]
[TimeControl "15 min + 10 sec"]
[WhiteElo "594"]
[BlackElo "898"]

1. e4 c5 2. Nf3 Nc6 3. Nc3 g6 4.
Bc4 Bg7 5. Ng5 e6 6. Nf3 Nge7 7. d3 d5 8. exd5 exd5 9. Bb5 a6 10. Bxc6+ bxc6 11. Bg5 O-O 12. Nd2 Qd6 13. Qe2 Re8 14.
O-O-O Bf5 15. Bxe7 Rxe7 16. Qf1 Rb8 17. Nb3 Qf4+ 18. Kb1 c4 19. dxc4 Qxc4 20. Qxc4 dxc4 21. Na5 Bxc3 22. Nxc4 Reb7 23.
b3 Be6 24. Nd6 Rd7 25. Ne4 Bg7 26. Rxd7 Bxd7 27. Nc5 Bf5 28. Nxa6 Rd8 29. a4 Rd2 30. Rc1 Rxf2 31. Nb4 c5 32.
Nd3 Bxd3 33. cxd3 Rb2+ 34. Ka1 Rxb3+ 35. Ka2 Rxd3 36. Rxc5 Rd8 37. a5 Ra8 38. Rb5 Bd4 39. Kb3 Kf8 40.
Kc4 Bg1 41. h3 Ke7 42. Rb7+ Ke6 43.
Rb5 Kd6 44. Kb4 Kc6 45. Kc4 Bf2 46. g4 Be1 47. Rc5+ Kd6 48. Rd5+ Ke6 49. a6 Rxa6 50. Kd4 Ra4+ 51. Kc5 Ra5+ 52. Kd4 Rxd5+ 53. Ke4 f5+ 54. gxf5+ gxf5+ 55. Kf4 Rd3 56.
h4 Rd4+ 57. Kf3 Bxh4 58. Ke3 Ke5 59. Kf3 f4 60. Kg2 Kf5 61. Kf3 Rd3+ 62. Kg2 f3+ 63. Kf1 f2 64. Ke2 Rd1 65. Kxd1 f1=Q+ 66. Kd2 Qf2+ 67. Kc3 Qc5+ 68. Kd3 Ke5 69. Ke2 Qc3 70. Kf1 Qb2 71. Kg1 Kf4 72. Kh1 Kf3 73. Kg1 Qg2# 0-1

[Event "Chessity Nationale Pupillendag 2019 - Groep G"]
[Site "Meppel, Netherlands"]
[Date "2019.06.29"]
[Round "7.2"]
[White "Huang, Luna"]
[Black "Zecha, Oscar"]
[Result "1/2-1/2"]
[TimeControl "15 min + 10 sec"]
[WhiteElo "955"]
[BlackElo "802"]

1. e4 c5 2. Nf3 Nc6 3. d4 cxd4 4.
Nxd4 e5 5. Nxc6 bxc6 6. Nc3 Nf6 7.
Be3 Bb4 8. Qd2 Nxe4 9. Qd3 d5 10. f3 d4 11. fxe4 dxc3 12. Qxd8+ Kxd8 13. b3 Be6 14. Rd1+ Ke7 15. Be2 a5 16.
O-O a4 17. Ra1 axb3 18. axb3 h6 19. Rfd1 Rhd8 20. Rxd8 Rxa1+ 21. Rd1 Rxd1+ 22. Bxd1 f5 23. exf5 Bxf5 24. Kf2 Kf6 25. h3 g5 26.
g4 Bg6 27. Kg3 Kg7 28. Bb6 c5 29. Kf3 Kf7 30. Ke3 Kg7 31. Kf3 Kf7 32. Ke3 Kg7 33. Ke4 1/2-1/2

[Event "Chessity Nationale Pupillendag 2019 - Groep G"]
[Site "Meppel, Netherlands"]
[Date "2019.06.29"]
[Round "7.3"]
[White "Shin, Hajin"]
[Black "Geldof, Max"]
[Result "1-0"]
[TimeControl "15 min + 10 sec"]
[WhiteElo "526"]
[BlackElo "745"]

1. e4 e5 2. Nf3 Nc6 3. Bc4 Nf6 4. Nc3 Bc5 5. d3 d6 6. Bg5 Bg4 7. Nd5 Nd4 8. Nxf6+ gxf6 9.
Bh4 Bxf3 10. gxf3 Rg8 11. c3 Nc6 12. Qd2 Qe7 13. O-O-O O-O-O 14. Rhg1 Na5 15. Qh6 Qe8 16. Bxf6 Qf8 17. Qxf8 Rdxf8 18. b4 Rxg1 19. Rxg1 Nxc4 20. bxc5 Na5 21. Rg7 dxc5 22. c4 h6 23.
Bxe5 Re8 24. Bc3 Nc6 25. Rxf7 Rg8 26.
Rg7 Rf8 27. Rg3 Nd4 28. Bxd4 cxd4 29. Kd2 Rf4 30. h3 h5 31. Ke2 Rf6 32. h4 Ra6 33. Kf1 Rxa2 34. f4 Ra5 35. f5 Ra6 36.
e5 Kd7 37. Rg5 Ra5 38. f6 Ke6 39. Rxh5 Kf7 40. Kg2 Ra3 41. Rh7+ Kg8 42. f7+ Kf8 43. e6 Rxd3 44. Rh8+ 1-0

[Event "Chessity Nationale Pupillendag 2019 - Groep G"]
[Site "Meppel, Netherlands"]
[Date "2019.06.29"]
[Round "7.4"]
[White "Rooijakkers, Liam"]
[Black "Smets, Catootje"]
[Result "1-0"]
[TimeControl "15 min + 10 sec"]
[WhiteElo "733"]
[BlackElo "488"]

1. e4 e5 2. Nc3 Bc5 3. f4 exf4 4. Nf3 Qe7 5. d4 Bb6 6. Bxf4 Qf6 7. Be3 d6 8. e5 dxe5 9. dxe5 Qf5 10. Bg5 Qd7 11. Bb5 c6 12. Qxd7+ Bxd7 13. Bc4 Bg4 14. O-O-O Bd4 15.
Rxd4 Nd7 16. e6 fxe6 17. Rxg4 Kf8 18. Bxe6 Nc5 19. Rf4+ Ke8 20. Bf7+ Kf8 21. Bg6+ Nf6 22. Bxf6 gxf6 23. Rxf6+ Kg7 24. Rf5 Kxg6 25. Rxc5 Rac8 26. Ne5+ Kf6 27. Rf1+ Ke6 28. Ne4 Ke7 29. Rf7+ Ke6 30. Ng5+ Kd6 31. Nd3 Rhg8 32. Ne4+ Ke6 33. Rf6+ Ke7 34. Re5+ Kd8 35. Rd6+ Kc7 36. Re7+ Kb6 37. a4 Rge8 38. Rxe8 Rxe8 39. b4 Rxe4 40. Kb2 a6 41. Kb3 Kc7 42. Rh6 Re2 43. Rxh7+ Kd6 44. c4 b6 45. c5+ bxc5 46. bxc5+ Kd5 47. Nf4+ Kxc5 48. Nxe2 Kd5 49. Nd4 c5 50. Ne6 c4+ 51. Kc3 Kxe6 52. Kxc4 Kd6 53. g4 Ke6 54. g5 Kf5 55. Rh6 Kxg5 56. Rxa6 Kg4 57. Rg6 Kh3 58. a5 Kxh2 59. a6 Kh3 60. a7 Kh4 61. a8=Q Kh5 62. Qg8 Kh4 63. Rg4 Kh5 64. Qg5+ 1-0

[Event "Chessity Nationale Pupillendag 2019 - Groep G"]
[Site "Meppel, Netherlands"]
[Date "2019.06.29"]
[Round "7.5"]
[White "Syaf, Choky"]
[Black "Gang, Kevin"]
[Result "0-1"]
[TimeControl "15 min + 10 sec"]
[WhiteElo "511"]
[BlackElo "691"]

1. e4 e5 2. Nf3 Nc6 3. Nc3 Nf6 4. Bc4 Nxe4 5. d3 Nxc3 6. bxc3 Bc5 7. O-O d6 8.
Ng5 O-O 9. Bxf7+ Rxf7 10. Nxf7 Kxf7 11. Qh5+ Kg8 12. Qf3 Qf6 13. Qxf6 gxf6 14. g4 Bxg4 15. f3 Bh3+ 16. Rf2 Bxf2+ 17. Kxf2 Rf8 18. Bh6 Rf7 19. Rg1+ Kh8 20.
Rg3 Be6 21. f4 exf4 22. Bxf4 Rg7 23. Rh3 Bxh3 24. Bh6 Rg2+ 25. Kf3 Rxc2 26. Kg3 Bd7 27. Kf3 Rxc3 28. Ke3 Rc2 29. Kf3 Rxh2 30.
Bf4 Rxa2 31. Bh6 Kg8 32. Be3 Kf7 33. d4 Ke6 34. Ke4 f5+ 35. Kf4 h5 36. Kg3 Ra3 37. Kf3 h4 38. Kf2 h3 39. Bf4 Nxd4 40. Kg1 Ra2 41. Kh1 c5 42. Bg3 c4 43.
Bf4 c3 44. Bg3 c2 45. Bf4 Ra1+ 46. Kh2 c1=Q 47. Bxc1 Rxc1 48. Kxh3 Ne2 49. Kg2 Ke5 50. Kf2 Nd4 51. Kg3 Rf1 52. Kg2 Rf3 53. Kh2 Kf4 54.
Kg2 Kg4 55. Kh2 Rg3 56. Kh1 Kf3 57.
Kh2 Kf2 58. Kh1 Rh3+ 0-1